AoeStats
← GoldPhantom

Pilgrims

509869225Analyzed
4v4 RM · 5d ago on Sep 28, 2026· 66m 14s· 8 players
Game mode
Random Map
Map size
Large (8 player)
Population
200
Speed
Normal
Resources
Standard
Victory
Conquest
Starting age
Dark Age
Ending age
Imperial Age
RankedLock teamsTeams togetherTeam positionsShared explorationLock speedFull tech treeHidden civsTurbo modeCheats
Victory
Defeat
🇬🇧 Byzantines · United Kingdom
904
+37
🇪🇸 Mongols · Spain
892
+14
🇪🇸 Magyars · Spain
888
+14
🇳🇱 Varangians · Netherlands
877
+15
🇨🇳 Persians · China
878
-15
🇩🇪 Vietnamese · Germany
862
-26
🇲🇾 Byzantines · Malaysia
851
-14
🇭🇰 Mongols · Hong Kong SAR China
818
-13
Blues_1111
12:48 Feudal Age
11:05 Loom
14:32 Fishing Lines
15:04 Double-Bit Axe
17:57 Horse Collar
25:30 Castle Age
25:24 Gold Mining
26:58 Bow Saw
27:20 Heavy Plow
28:10 Squires
30:48 Wheelbarrow
34:28 Imperial Age
35:20 Hand Cart
35:11 Scale Mail Armor
36:07 Conscription
36:34 Gold Shaft Mining
38:30 Chain Mail Armor
37:39 Elite Varangian Guard
39:10 Crop Rotation
40:50 Chemistry
40:44 Logistica
41:44 Hoardings
42:29 Pikeman
44:42 Two-Man Saw
45:57 Forging
48:21 Bombard Tower
53:51 Iron Casting
GoldPhantom
15:49 Feudal Age
14:06 Loom
21:28 Castle Age
19:38 Horse Collar
19:59 Double-Bit Axe
21:12 Stone Mining
22:52 Wheelbarrow
22:31 Bow Saw
23:11 Town Watch
23:50 Hand Cart
23:25 Town Watch
24:25 Bloodlines
25:04 Husbandry
26:38 Gold Mining
27:08 Fletching
27:29 Forging
28:43 Heavy Plow
30:10 Gold Shaft Mining
29:58 Scale Barding Armor
30:09 Light Cavalry
31:36 Padded Archer Armor
34:29 Thumb Ring
35:42 Stone Shaft Mining
37:41 Imperial Age
36:43 Ballistics
36:22 Bodkin Arrow
37:33 Town Patrol
38:30 Chain Barding Armor
39:11 Elite Mangudai
41:24 Bracer
41:47 Conscription
42:54 Chemistry
42:38 Leather Archer Armor
46:31 Drill
48:54 Scale Mail Armor
51:00 Capped Ram
52:44 Onager
55:21 Herbal Medicine
观音的害怕
11:13 Loom
13:05 Feudal Age
14:54 Horse Collar
18:30 Castle Age
17:13 Double-Bit Axe
20:25 Heavy Plow
32:41 Imperial Age
30:07 Gold Mining
30:30 Forging
30:26 Scale Barding Armor
32:38 Gold Shaft Mining
32:40 Wheelbarrow
33:01 Iron Casting
32:46 Chain Barding Armor
32:17 Cavalier
33:38 Crop Rotation
33:27 Bow Saw
34:05 Savar
38:53 Capped Ram
42:43 Siege Ram
sascha.m.89x
12:56 Feudal Age
15:00 Double-Bit Axe
15:41 Gold Mining
16:36 Stone Mining
17:53 Wheelbarrow
18:33 Horse Collar
24:02 Castle Age
25:39 Hand Cart
25:41 Bow Saw
26:35 Heavy Plow
29:24 Pikeman
30:05 Squires
32:38 Loom
33:05 Caravan
36:09 Imperial Age
34:37 Stone Shaft Mining
34:17 Fletching
34:27 Padded Archer Armor
34:34 Thumb Ring
33:50 Elite Skirmisher
35:05 Bodkin Arrow
37:24 Paper Money
36:52 Imperial Skirmisher
38:02 Paper Money
37:45 Bracer
38:00 Treadmill Crane
38:42 Ballistics
39:41 Guilds
40:04 Crop Rotation
40:38 Two-Man Saw
40:30 Leather Archer Armor
40:20 Elite Rattan Archer
44:24 Chemistry
47:47 Halberdier
49:30 Ring Archer Armor
49:02 Scale Mail Armor
49:12 Forging
52:29 Chain Mail Armor
52:49 Iron Casting
andrewcm20
11:50 Feudal Age
12:40 Fishing Lines
13:41 Double-Bit Axe
19:27 Castle Age
18:54 Wheelbarrow
19:51 Gold Mining
19:44 Horse Collar
20:39 Medium Warships
20:25 Light Cavalry
21:57 Scale Barding Armor
23:05 Bow Saw
24:35 Hand Cart
24:42 Loom
25:22 Stone Mining
28:30 Imperial Age
29:47 Husbandry
30:10 Chain Barding Armor
29:51 Scale Mail Armor
30:58 Heavy Plow
32:02 Two-Man Saw
33:44 Conscription
34:04 Crop Rotation
34:43 Chain Mail Armor
35:03 Plate Barding Armor
34:42 Forging
35:13 Elite Cataphract
38:21 Logistica
38:57 Iron Casting
38:52 Plate Mail Armor
42:39 Chemistry
42:00 Ballistics
48:56 Hussar
frankonil
13:45 Feudal Age
13:11 Loom
18:57 Castle Age
16:56 Stone Mining
18:10 Town Watch
20:05 Double-Bit Axe
21:46 Bow Saw
25:31 Wheelbarrow
25:19 Fishing Lines
30:22 Imperial Age
28:20 Corvinian Army
28:24 Treadmill Crane
29:05 Ballistics
29:24 Scale Barding Armor
29:53 Murder Holes
29:53 Fletching
30:36 Gillnets
31:50 Hand Cart
31:22 Horse Collar
32:40 Town Patrol
33:05 Recurve Bow
33:41 Heavy Plow
34:45 Two-Man Saw
35:17 Chemistry
35:28 Heavy Cavalry Archer
36:34 Parthian Tactics
37:51 Chain Barding Armor
38:12 Elite Magyar Huszar
39:47 Bodkin Arrow
40:29 Plate Barding Armor
40:26 Husbandry
40:36 Bloodlines
42:01 Bracer
42:01 Padded Archer Armor
46:54 Leather Archer Armor
49:42 Conscription
49:58 Hoardings
49:32 Elite Skirmisher
51:34 Guard Tower
51:50 Siege Engineers
52:57 Ring Archer Armor
57:02 Masonry
NewTrinity78
6:36 Loom
12:07 Feudal Age
12:59 Arson
13:50 Double-Bit Axe
17:53 Castle Age
16:08 Horse Collar
18:25 Scale Mail Armor
18:36 Forging
18:19 Fletching
18:29 Padded Archer Armor
19:50 Wheelbarrow
25:18 Gambesons
25:33 Squires
28:07 Imperial Age
26:28 Ballistics
26:20 Fortified Wall
27:49 Hand Cart
31:00 Elite Varangian Guard
31:29 Pikeman
36:18 Chain Mail Armor
39:31 Bow Saw
39:25 Heavy Plow
43:12 Chemistry
43:02 Leather Archer Armor
43:14 Heavy Scorpion
45:26 Caravan
45:36 Capped Ram
52:06 Bodkin Arrow
52:46 Ring Archer Armor
52:31 Halberdier
53:39 Man-at-Arms
55:28 Siege Ram
57:00 Conscription
58:41 Two-Man Saw
58:14 Crop Rotation
58:22 Iron Casting
61:21 Blast Furnace
61:51 Bracer
61:58 Scale Barding Armor
64:59 Plate Mail Armor
64:46 Gothikon
fer_es_merengue9
6:31 Loom
12:45 Feudal Age
13:51 Double-Bit Axe
15:35 Horse Collar
17:23 Town Watch
19:44 Castle Age
17:55 Fletching
19:21 Gold Mining
21:14 Bow Saw
22:34 Heavy Plow
23:16 Stone Mining
25:10 Bodkin Arrow
26:11 Gold Shaft Mining
33:52 Imperial Age
32:45 Nomads
32:35 Town Watch
33:29 Wheelbarrow
33:05 Padded Archer Armor
33:06 Scale Mail Armor
33:11 Scale Barding Armor
33:50 Town Patrol
34:09 Caravan
35:17 Conscription
36:03 Hand Cart
36:29 Ballistics
37:09 Chemistry
36:21 Fortified Wall
36:07 Murder Holes
36:22 Masonry
36:18 Siege Engineers
36:30 Bloodlines
36:21 Husbandry
35:42 Light Cavalry
39:20 Elite Mangudai
40:09 Bracer
40:29 Chain Mail Armor
42:24 Parthian Tactics
42:23 Leather Archer Armor
42:30 Chain Barding Armor
42:40 Plate Mail Armor
42:35 Capped Ram
44:24 Siege Ram
45:28 Drill
46:26 Hussar
Connection lost

Rejoining the realm…

Still unreachable

The connection could not be restored.

Session expired

The server has moved on; the page needs a fresh start.